 Dungeon Crawl Stone Soup version 0.30-a0-1161-g0704695555 (webtiles) character file.

Game seed: 3410087265752318133

193 BubbleThief the Chopper (level 5, -6/48 HPs)
             Began as a Hill Orc Fighter on Apr 27, 2023.
             Mangled by Edmund
             ... wielding a +1 dire flail of protection
              (12 damage)
             ... on level 4 of the Dungeon.
             The game lasted 00:03:18 (2705 turns).

BubbleThief the Chopper (Hill Orc Fighter)          Turns: 2705, Time: 00:03:19

Health: -6/48      AC: 11    Str: 27    XL:     5   Next: 72%
Magic:  5/5        EV:  9    Int:  8    God:
Gold:   143        SH:  4    Dex: 10    Spells: 4/4 levels left

rFire   . . .        a - +0 war axe
rCold   . . .        c - +0 buckler
rNeg    . . .        b - +0 scale mail
rPois   .            (no helmet)
rElec   .            (no cloak)
rCorr   .            p - +0 pair of gloves
SInv    .            s - +2 pair of boots {rampage}
Will    .....        (no amulet) Stlth
                     n - +6 ring of strength
HPRegen 0.28/turn    (no ring)
MPRegen 0.09/turn

%: rampage
@: no status effects
A: no striking features
a: no special abilities


You were on level 4 of the Dungeon.
You visited 1 branch of the dungeon, and saw 4 of its levels.

You collected 143 gold pieces.

Inventory:

Hand Weapons
 a - a +0 war axe (weapon)
Armour
 b - a +0 scale mail (worn)
 c - a +0 buckler (worn)
 p - a +0 pair of gloves (worn)
 s - a +2 pair of boots of rampaging (worn)
Jewellery
 n - a +6 ring of strength (left hand)
Scrolls
 e - 2 scrolls of vulnerability {unknown}
 h - 4 scrolls of identify {unknown}
 i - a scroll of poison {unknown}
 j - 3 scrolls of amnesia {unknown}
 m - a scroll of teleportation {unknown}
 o - a scroll of fog {unknown}
 t - a scroll of enchant weapon {unknown}
 w - a scroll of blinking {unknown}
 x - a scroll of silence {unknown}
Potions
 d - 3 potions of might
 f - a potion of heal wounds {unknown}
 g - a potion of degeneration {unknown}
 k - a potion of flight {unknown}
 l - 3 potions of curing {unknown}
 q - a potion of magic {unknown}
 r - a potion of mutation {unknown}
 u - a potion of resistance {unknown}
 v - 2 potions of brilliance {unknown}


   Skills:
 + Level 5.1 Fighting
 * Level 6.4 Axes
 - Level 3.2 Armour
 - Level 3.2 Shields


You had 4 spell levels left.
You didn't know any spells.
Your spell library was empty.

Dungeon Overview and Level Annotations

Branches:
Dungeon (4/15)
 Temple: D:4-7

Altars:

Shops:
D:1 =

Annotations:
D:4 Edmund


Message History

You are too injured to fight recklessly!
You are too injured to fight recklessly!
You barely miss Edmund.
Edmund is severely wounded.
Edmund misses you.
You hit Edmund but do no damage.
Edmund is severely wounded.
You block Edmund's attack.
You hit Edmund but do no damage.
Edmund is severely wounded.
Edmund closely misses you.
You hit Edmund.
Edmund is severely wounded.
Edmund barely misses you.
You barely miss Edmund.
Edmund is severely wounded.
Edmund hits you with a +1 dire flail of protection! x2
* * * LOW HITPOINT WARNING * * *
You barely miss Edmund.
Edmund is severely wounded.
Edmund barely misses you.
You barely miss Edmund.
Edmund is severely wounded.
You block Edmund's attack.
You barely miss Edmund.
Edmund is severely wounded.
Edmund hits you with a +1 dire flail of protection.
* * * LOW HITPOINT WARNING * * *
You barely miss Edmund.
Edmund is severely wounded.
Edmund barely misses you.
You barely miss Edmund.
Edmund is severely wounded.
Edmund hits you with a +1 dire flail of protection.
* * * LOW HITPOINT WARNING * * *
Edmund closely misses you.
You hit Edmund but do no damage.
Edmund is severely wounded.
Edmund hits you with a +1 dire flail of protection!
You die...

# #......#.# ##
#........# .##
#.......## #.###
#........## ##..##
#.........# ##..##
#.........##
##..###
#..........#
##...##
##...@.....##
###..##
#...@......#
##..###..........##
##..###..........#
#.......).......#
##.########....##
### ######


You could see Edmund.

Vanquished Creatures
  2 iguanas (D:4)
  An orc wizard (D:4)
  3 gnolls (D:2)
  An adder (D:2)
  A worm (D:2)
  3 dart slugs
  2 orcs (D:4)
  4 ball pythons
  8 endoplasms
  A giant cockroach (D:3)
  5 hobgoblins
  2 jackals (D:1)
  6 kobolds
  5 quokkas
  4 bats
  7 frilled lizards
  6 goblins
  6 rats
67 creatures vanquished.

Notes
Turn   | Place    | Note
-------+----------+-------------------------------------------
     0 | D:1      | BubbleThief the Hill Orc Fighter began the quest for the
                  | Orb.
     0 | D:1      | Reached XP level 1. HP: 19/19 MP: 1/1
    45 | D:1      | Reached skill level 3 in Axes
    85 | D:1      | Reached XP level 2. HP: 26/27 MP: 2/2
   207 | D:1      | Found a faded altar of an unknown god.
   291 | D:1      | Reached skill level 4 in Axes
   332 | D:1      | Reached XP level 3. HP: 33/33 MP: 3/3
   825 | D:1      | Found Giulasa's Jewellery Shop.
  1035 | D:2      | Reached XP level 4. HP: 32/41 MP: 4/4
  1037 | D:2      | Reached skill level 5 in Axes
  2496 | D:4      | Reached XP level 5. HP: 44/47 MP: 5/5
  2523 | D:4      | Reached skill level 5 in Fighting
  2523 | D:4      | Reached skill level 6 in Axes
  2669 | D:4      | Noticed Edmund
  2705 | D:4      | Mangled by Edmund

Illustrated notes

Levels and vault maps discovered:
D:1:      lightli_arrival_chessboard, layout_basic, serial_shops,
          nicolae_shop_back_alley_shop, ebering_ecumenical_altar_box
D:2:      minmay_wonky_spiral, layout_basic, minivault_26, minmay_cut_off
D:3:      layout_basic, nicolae_hexahallways
D:4:      layout_cave_pods, lightli_temple_of_fire,
          minmay_temple_entry_antechambers, serial_shops, nicolae_shop_crystal,
          uniq_edmund

Skill      XL: |  1  2  3  4  5 |
---------------+----------------+-----
Axes           | 3 4 5 6 |  6.4
Fighting       | 4 5 |  5.1
Armour         | |  3.2
Shields        | |  3.2

Action                     |  1- 3 |  4- 6 || total
---------------------------+-------+-------++-------
  Melee: War axe           |    89 |   109 ||   198
 Armour: Scale mail        |    43 |    42 ||    85
  Dodge: Dodged            |    38 |    34 ||    72
  Block: Buckler           |    18 |    17 ||    35

Table legend: (Time is in decaauts)
 A = Elapsed time spent in this place.
 B = Non-inter-level travel time spent in this place.
 C = Inter-level travel time spent in this place.
 D = Time resting spent in this place.
 E = Time spent auto-exploring this place.
 F = Levels seen in this place.
 G = Mean time per level.
                   A        B        C        D        E       F      G
               +--------+--------+--------+--------+--------+-----+--------+
         Total |   2760 |   2676 |     84 |      0 |   2175 |   4 |  690.0 |
       Dungeon |   2760 |   2676 |     84 |      0 |   2175 |   4 |  690.0 |
               +--------+--------+--------+--------+--------+-----+--------+

Top non-repeatable levels by time:
     D:2: 898 daAuts
     D:1: 886 daAuts
     D:3: 751 daAuts
     D:4: 224 daAuts
